 Dungeon Sprint DCSS version 0.25.1-2-g60ff931df9 (webtiles) character file.

Game seed: 10241184179509898451

627 raphialitos the Blocker (level 7, -8/72 HPs)
             Began as a Minotaur Fighter on Sept 29, 2020.
             Killed from afar by Sonja (20 damage)
             ... with an iceblast
             ... in the Dungeon (Sprint I: "Red Sonja").
             The game lasted 00:01:06 (165 turns).

raphialitos the Blocker (Minotaur Fighter)           Turns: 165, Time: 00:01:06

Health: -8/72      AC:  8    Str: 22    XL:     7   Next: 23%
Magic:  6/6        EV:  9    Int:  5    God:
Gold:   77         SH: 12    Dex: 10    Spells: 6/6 levels left

rFire    . . .     SeeInvis .   a - +0 war axe
rCold    . . .     Gourm    .   c - +0 kite shield
rNeg     . . .     Faith    .   b - +0 scale mail
rPois    .         Spirit   .   (helmet restricted)
rElec    .         Reflect  .   (no cloak)
rCorr    .         Harm     .   (no gloves)
MR       .....     NoTele   +   (no boots)
Stlth    ..........             (no amulet)
HPRegen  0.22/turn              (no ring)
MPRegen  0.10/turn              (no ring)

@: lethally poisoned (-8 -> -16), slowed, very slow
A: retaliatory headbutt, horns 2
a: no special abilities


You were in the Dungeon.
You were not hungry.

You visited 1 branch You collected 77 gold pieces.

Inventory:

Hand Weapons
 a - a +0 war axe (weapon)
Armour
 b - a +0 scale mail (worn)
 c - a +0 kite shield (worn)
Wands
 d - a wand of random effects (14)
Scrolls
 k - a scroll of blinking
Potions
 e - a potion of curing
 h - a potion of haste
 i - 2 potions of magic
 j - a potion of berserk rage
Comestibles
 f - a ration


   Skills:
 + Level 10.1 Fighting
 + Level 6.9 Axes
 + Level 10.5 Armour
 + Level 1.3 Dodging
 + Level 0.9 Stealth
 + Level 11.3 Shields


You had 6 spell levels left.
You didn't know any spells.
Your spell library was empty.

Dungeon Overview and Level Annotations

Branches:
Dungeon (1/1)

Altars:
Cheibriados
Dithmenos
Elyvilon
Fedhas
Hepliaklqana
Kikubaaqudgha
Makhleb
Okawaru
Qazlal
Ru
Sif Muna
Trog
Uskayaw
Vehumet
Wu Jian
Xom
Yredelemnul
Zin
The Shining One
Jiyva
Lugonu

Shops:
D (

Annotations:
D Sonja


Innate Abilities, Weirdness & Mutations

You reflexively headbutt those who attack you in melee.
You have a pair of horns on your head.


Message History

You have difficulty breathing.
You feel as though you will be slow longer.
You see here a curare-tipped dart.
You feel sick.
Sonja throws a curare-tipped dart.
You block the curare-tipped dart.
Sonja mumbles some strange words.
Sonja blinks!
You see here a curare-tipped dart.
You feel sick.
You now have 77 gold pieces (gained 11).
You feel sick.
Sonja gestures wildly while chanting.
Sonja blinks!
You feel sick.
Sonja zaps a wand.
The mass of ice explodes!
The iceblast engulfs you!
* * * LOW HITPOINT WARNING * * *
There is an open door here.
You feel sick.
Sonja zaps a wand.
The mass of ice explodes!
The iceblast engulfs you!!
You die...

###################
#<.#..'..#..'.$#__#
#..'..#..'..#@.'..+
#..#####+#####'#__#
#..# #$$.#.####
#..#__## #$$##(#
#..#_____##'#_K+
#⌠⌠#_.∩...†.§._#
####_..__##_(#+#
___ ##'# # #.#


You could see Sonja.

Vanquished Creatures
  A slime creature (D)
  Sigmund (D)
  A yak (D)
  An ogre (D)
  A jelly (D)
  Ijyb (D)
6 creatures vanquished.

Notes
Turn   | Place    | Note
-------+----------+-------------------------------------------
     0 | D        | raphialitos the Minotaur Fighter began the quest for the
                  | Orb.
     0 | D        | Reached XP level 1. HP: 19/19 MP: 0/0
     1 | D        | Noticed Ijyb
    20 | D        | Killed Ijyb
    20 | D        | Reached skill level 5 in Fighting
    20 | D        | Reached skill level 5 in Armour
    20 | D        | Reached skill level 5 in Shields
    20 | D        | Reached XP level 2. HP: 20/29 MP: 1/1
   111 | D        | Noticed an ogre
   117 | D        | Killed an ogre
   117 | D        | Reached skill level 7 in Shields
   117 | D        | Reached XP level 3. HP: 38/38 MP: 2/2
   117 | D        | Reached XP level 4. HP: 45/45 MP: 3/3
   120 | D        | Noticed Sigmund
   122 | D        | Killed Sigmund
   122 | D        | Reached skill level 1 in Dodging
   122 | D        | Reached skill level 9 in Shields
   122 | D        | Reached XP level 5. HP: 54/56 MP: 4/4
   132 | D        | Found a burning altar of Makhleb.
   132 | D        | Found a viscous altar of Jiyva.
   132 | D        | Found a shimmering altar of Xom.
   132 | D        | Found a corrupted altar of Lugonu.
   132 | D        | Noticed a slime creature
   137 | D        | Killed a slime creature
   137 | D        | Reached skill level 10 in Armour
   137 | D        | Reached skill level 10 in Shields
   137 | D        | Reached XP level 6. HP: 64/64 MP: 5/5
   138 | D        | Found an ornate altar of the Wu Jian Council.
   138 | D        | Found a shimmering blue altar of Sif Muna.
   140 | D        | Found a radiant altar of Vehumet.
   148 | D        | Found Kuacalin's Weapon Emporium.
   148 | D        | Found an ancient bone altar of Kikubaaqudgha.
   148 | D        | Found a hazy altar of Hepliaklqana.
   148 | D        | Found a stormy altar of Qazlal.
   148 | D        | Found a hide-covered altar of Uskayaw.
   148 | D        | Found a blossoming altar of Fedhas.
   148 | D        | Found a bloodstained altar of Trog.
   148 | D        | Found an iron altar of Okawaru.
   148 | D        | Found a basalt altar of Yredelemnul.
   148 | D        | Found a glowing golden altar of the Shining One.
   148 | D        | Found a snail-covered altar of Cheibriados.
   148 | D        | Found a sacrificial altar of Ru.
   148 | D        | Found a glowing silver altar of Zin.
   148 | D        | Found a shadowy altar of Dithmenos.
   148 | D        | Found a white marble altar of Elyvilon.
   148 | D        | Noticed a yak
   151 | D        | Killed a yak
   151 | D        | Reached skill level 10 in Fighting
   151 | D        | Reached skill level 11 in Shields
   151 | D        | Reached XP level 7. HP: 70/72 MP: 6/6
   154 | D        | Noticed Sonja
   165 | D        | Killed from afar by Sonja

Illustrated notes

Levels and vault maps discovered:
D:        dungeon_sprint_1 [red_sonja_temple_1, red_sonja_temple_small_1]

Skill      XL: |  1  2  3  4  5  6 |
---------------+-------------------+-----
Fighting       | 5 6 8 9 10 | 10.1
Armour         | 5 6 8 10 | 10.5
Shields        | 5 7 9 10 11 | 11.3
Axes           | 3 4 6 |  6.9
Dodging        | 1 |  1.3
Stealth        | |  0.9

Action                   |  1- 3 |  4- 6 |  7- 9 || total
-------------------------+-------+-------+-------++-------
Melee: War axe           |    21 |    10 |     3 ||    34
       Headbutt          |     2 |     4 |       ||     6
  Use: Potion            |     2 |       |       ||     2
Armor: Scale mail        |     8 |       |     3 ||    11
Dodge: Dodged            |     7 |     3 |     1 ||    11
Block: Kite shield       |    12 |     6 |     4 ||    22
